 Dungeon Crawl Stone Soup version 0.29-a0-322-g68df515428 (webtiles) character file.

Game seed: 17582132601731310063

8260 zishaf the Nimble (level 11, -6/56 HPs)
             Began as a Spriggan Hunter on Apr 8, 2022.
             Was a Believer of Dithmenos.
             Killed by divine providence
             ... invoked by a meliai
              (12 damage)
             ... on level 9 of the Dungeon.
             The game lasted 00:29:17 (9028 turns).

zishaf the Nimble (Spriggan Hunter)                 Turns: 9028, Time: 00:29:18

Health: -6/56      AC:  4    Str:  7    XL:     11   Next: 7%
Magic:  16/16      EV: 29    Int: 22    God:    Dithmenos [**....]
Gold:   547        SH:  0    Dex: 18    Spells: 11/16 levels left

rFire   + . .      SeeInvis +   b - +8 whip of Urgency {flame, Int+4}
rCold   + . .      Faith    .   (no shield)
rNeg    . . .      Spirit   .   s - +2 robe {rC+}
rPois   +          Reflect  .   (helmet restricted)
rElec   .          Harm     .   (no cloak)
rCorr   .          Rampage  .   (gloves unavailable)
Will    +....                   (boots unavailable)
Stlth   +++.......              g - amulet of regeneration
HPRegen 0.98/turn               e - ring of Iboschule {rPois rF+ EV+4 Dex-4}
MPRegen 0.15/turn               j - +6 ring of intelligence

@: wreathed by umbra, studying Necromancy, very quick
A: very small, no large weapons, unfitting armour, see invisible, speed 3
a: Renounce Religion, Shadow Step


You were on level 9 of the Dungeon.
You worshipped Dithmenos.
Dithmenos was pleased with you.
You visited 1 branch of the dungeon, and saw 9 of its levels.

You collected 627 gold pieces.
You spent 80 gold pieces at shops.

Inventory:

Hand Weapons
 a - a +2 hunting sling
 b - the +8 whip of Urgency (weapon) {flame, Int+4}
   (You found it on level 3 of the Dungeon)

   It burns those it strikes, dealing additional fire damage.
   Int:       It affects your intelligence (+4).
Missiles
 l - 25 poisoned darts
Armour
 p - +0 steam dragon scales
 s - a +2 robe of cold resistance (worn)
 t - a +0 troll leather armour
 D - +0 acid dragon scales
Jewellery
 e - the ring of Iboschule (left hand) {rPois rF+ EV+4 Dex-4}
   (You acquired it on level 6 of the Dungeon)

   [ring of evasion]

   EV:        It affects your evasion (+4).
   Dex:       It affects your dexterity (-4).
   rF:        It protects you from fire.
   rPois:     It protects you from poison.
 g - an amulet of regeneration (around neck)
 j - a +6 ring of intelligence (right hand)
 m - a ring of positive energy
 v - a ring of poison resistance
 y - an amulet of the acrobat
Scrolls
 c - 5 scrolls of immolation
 f - a scroll of fear
 i - 3 scrolls of summoning
 n - 3 scrolls of teleportation
 w - a scroll of holy word
 G - 2 scrolls of identify
 H - a scroll of torment {unknown}
Potions
 d - 2 potions of flight
 h - a potion of might
 k - 5 potions of lignification
 o - 3 potions of attraction
 q - a potion of mutation
 r - 6 potions of curing
 u - a potion of cancellation
 x - 2 potions of magic
 z - 4 potions of haste
 A - 2 potions of ambrosia
 B - a potion of invisibility {unknown}
 C - a potion of heal wounds
 E - a potion of brilliance {unknown}
Miscellaneous
 F - a tin of tremorstones (2/2)


   Skills:
 + Level 5.9 Fighting
 + Level 10.9 Slings
 + Level 11.0 Dodging
 - Level 4.0 Stealth
 - Level 3.0 Spellcasting
 - Level 7.0 Hexes
 - Level 8.0 Translocations
 - Level 5.0 Transmutations
 - Level 3.0 Earth Magic
 + Level 3.1 Evocations


You had 11 spell levels left.
You knew the following spells:

 Your Spells              Type           Power      Damage    Failure   Level
a - Passwall              Tmut/Erth      16%        N/A       3%          2
c - Portal Projectile     Hex/Tloc       72%        N/A       1%          3

Your spell library contained the following spells:

 Spells                   Type           Power      Damage    Failure   Level
 Slow                     Hex            100%       N/A       1%          1
 Confusing Touch          Hex            34%        N/A       1%          3
 Sandblast                Erth           32%        2d9       3%          1
 Sting                    Tmut/Pois      56%        1d5       4%          1
 Ensorcelled Hibernation  Hex/Ice        36%        N/A       4%          2
 Stone Arrow              Conj/Erth      18%        3d8       21%         3
 Ozocubu's Armour         Ice            3%         N/A       36%         3
 Swiftness                Air            3%         N/A       36%         3
 Vampiric Draining        Necr           3%         2d6       36%         3
 Dispersal                Tloc           19%        N/A       56%         6
 Metabolic Englaciation   Hex/Ice        9%         N/A       63%         5
 Olgreb's Toxic Radiance  Pois           3%         N/A       77%         4
 Simulacrum               Ice/Necr       1%         N/A       100%        6
 Ozocubu's Refrigeration  Ice            1%         4d5       100%        7
 Ignition                 Fire           1%         3d3       100%        8


Dungeon Overview and Level Annotations

Branches:
Dungeon (9/15)             Temple (0/1) D:6            Lair (0/6) D:9
    Orc: D:9-12

Altars:
Cheibriados
Dithmenos
Fedhas
Hepliaklqana
Kikubaaqudgha
Nemelex Xobeh
Ru
Sif Muna
Trog
Uskayaw
Vehumet
Wu Jian
Xom
Yredelemnul
The Shining One

Shops:
D:1 !   D:7 !   D:8 (

Annotations:
D:3 1 runed translucent door, Slifar's ghost, amateur DrTm


Innate Abilities, Weirdness & Mutations

You are very small and have problems with some larger weapons.
You are too small for most types of armour.
You have supernaturally acute eyesight. (SInv)
You cover ground extremely quickly. (Speed+++)


Message History

The meliai completely misses you. x2; The meliai hits you with a +0 war axe.
The meliai barely misses you.
You hit the meliai. You burn the meliai.
The meliai is heavily wounded.
The meliai closely misses you.
The meliai stings you but does no damage.
The meliai hits you with a +0 war axe! The meliai completely misses you.
The meliai hits you with a +0 war axe! The meliai closely misses you.
You hit the meliai but do no damage.
The meliai is heavily wounded.
The meliai completely misses you. The meliai barely misses you.
The meliai completely misses you. x2
You hit the meliai. You burn the meliai.
The meliai is severely wounded.
The meliai misses you. The meliai completely misses you. x3
You closely miss the meliai.
The meliai is severely wounded.
The meliai closely misses you. The meliai misses you.
The meliai closely misses you. The meliai completely misses you.
You closely miss the meliai.
The meliai is severely wounded.
The meliai completely misses you. x2; The meliai hits you with a +0 war axe!
The meliai completely misses you.
You hit the meliai. You burn the meliai.
The meliai is severely wounded.
The meliai completely misses you. x3; The meliai stings you!
* * * LOW HITPOINT WARNING * * *
The meliai closely misses you.
The meliai stings you but does no damage.
You closely miss the meliai.
The meliai is severely wounded.
The meliai calls down the wrath of its god upon you.
Something smites you!
* * * LOW HITPOINT WARNING * * *
The meliai completely misses you. The meliai misses you.
You hit the meliai. You burn the meliai.
The meliai is almost dead.
The meliai mumbles some strange prayers to its god against you.
Something smites you!
You die...

,,,**'**,,,,,**,,,,*
,,,*8,8*,,,,,*#....#
,,,*,,,*,.,,,,#....#
,,,*,,,*,..,,,#....#
****,,,***#.,,#....#
#8,,,,,,,8#..,#....#
*,_,,,,,,,#...#....#
*8,,,,,,,8#...'.y..#
*,,,,,,,,,*,,**#@..#
#,,,,,,,,,######...#
#8_,,_,,_8#........#
#,8,8,8,8,#........#
######****#........#
##...# *...#####...#
##...########.##...#
............'......#
............#......#


You could see a meliai.

Vanquished Creatures
  A two-headed ogre (D:7)
  Pikel (D:7)
  Maggie (D:7)
  A komodo dragon (D:9)
  2 hornets (D:9)
  2 trolls
  Grinder (D:5)
  10 yaks (D:8)
  A wyvern (D:9)
  Eustachio (D:3)
  A steam dragon (D:6)
  Menkaure (D:5)
  A water moccasin (D:7)
  4 orc warriors
  2 ice beasts
  A sky beast (D:7)
  An ogre (D:6)
  4 black bears
  A centaur (D:9)
  A phantom (D:4)
  5 bullfrogs
  4 necrophages
  A gnoll sergeant (D:5)
  3 scorpions
  12 wights
  3 killer bees (D:8)
  3 howler monkeys (D:9)
  A human zombie (D:9)
  3 centaur zombies (D:9)
  A jelly (D:5)
  2 orc priests
  2 hounds
  Jessica (D:2)
  2 iguanas
  3 orc wizards
  A mummy (D:9)
  3 howler monkey zombies (D:9)
  4 gnolls
  3 adders
  4 white imps
  3 worms (D:2)
  5 dart slugs
  12 orcs
  3 ball pythons
  9 endoplasms
  A giant cockroach (D:3)
  7 hobgoblins
  5 quokkas
  2 bats
  3 frilled lizards
  7 goblins
  6 kobolds
  4 rats
166 creatures vanquished.

Vanquished Creatures (collateral kills)
  A wight (D:5)
1 creature vanquished.

Vanquished Creatures (others)
  6 plants (D:9)
6 creatures vanquished.

Grand Total: 173 creatures vanquished

Notes
Turn   | Place    | Note
-------+----------+-------------------------------------------
     0 | D:1      | zishaf the Spriggan Hunter began the quest for the Orb.
     0 | D:1      | Reached XP level 1. HP: 10/10 MP: 2/2
    12 | D:1      | Found Poenakh's Distillery.
    55 | D:1      | Found a faded altar of an unknown god.
   273 | D:1      | Got Aleidosa's Catalogue of the Mutagenic Voyage
   977 | D:2      | Reached skill level 5 in Slings
   977 | D:2      | Reached skill level 3 in Dodging
   982 | D:2      | Reached XP level 2. HP: 15/15 MP: 3/3
  1077 | D:2      | Reached skill level 1 in Spellcasting
  1451 | D:2      | Noticed Jessica
  1455 | D:2      | Killed Jessica
  1456 | D:2      | Reached XP level 3. HP: 18/18 MP: 5/5
  1513 | D:2      | Learned a level 3 spell: Portal Projectile
  1718 | D:3      | Reached XP level 4. HP: 23/23 MP: 6/6
  1837 | D:3      | Reached skill level 1 in Translocations
  1847 | D:3      | Identified the +2 pair of boots of Jigsaw {rElec rF++}
  1891 | D:3      | Found a hazy altar of Hepliaklqana.
  1938 | D:3      | Found a runed translucent door.
  2020 | D:3      | Identified the +8 whip of Urgency {flame, Int+4}
  2345 | D:3      | Noticed Slifar's ghost (amateur DrTm)
  2390 | D:4      | Reached skill level 1 in Hexes
  2408 | D:4      | Noticed a phantom
  2421 | D:4      | Killed a phantom
  2422 | D:4      | Reached skill level 4 in Dodging
  2422 | D:4      | Reached XP level 5. HP: 8/26 MP: 7/7
  2492 | D:4      | Reached XP level 6. HP: 15/32 MP: 8/8
  2643 | D:4      | Noticed Eustachio
  2730 | D:3      | Killed Eustachio
  2731 | D:3      | Reached skill level 5 in Dodging
  2731 | D:3      | Reached XP level 7. HP: 33/36 MP: 9/9
  2937 | D:4      | Found a blossoming altar of Fedhas.
  3069 | D:4      | Found a hide-covered altar of Uskayaw.
  3545 | D:5      | Entered Level 5 of the Dungeon
  3842 | D:5      | Noticed Menkaure
  3917 | D:5      | Noticed Grinder
  3951 | D:5      | Reached XP level 8. HP: 38/41 MP: 12/12
  3979 | D:5      | Killed Grinder
  3980 | D:5      | Reached skill level 6 in Dodging
  3980 | D:5      | Reached skill level 5 in Translocations
  3998 | D:5      | Killed Menkaure
  4090 | D:5      | Reached skill level 5 in Hexes
  4172 | D:5      | Found a shadowy altar of Dithmenos.
  4180 | D:5      | Became a worshipper of Dithmenos the Shadowed
  4565 | D:5      | You fall into a shaft and drop 1 floor!
  4565 | D:6      | Found a glowing golden altar of the Shining One.
  4573 | D:6      | Reached skill level 7 in Dodging
  4791 | D:6      | Identified a scroll of acquirement
  4791 | D:6      | Acquired the ring of Iboschule {rPois rF+ EV+4 Dex-4}
  4876 | D:6      | Learned a level 2 spell: Passwall
  4901 | D:6      | Found a staircase to the Ecumenical Temple.
  4910 | D:6      | Reached XP level 9. HP: 46/46 MP: 13/13
  4952 | D:6      | Reached skill level 1 in Transmutations
  5253 | D:6      | Reached skill level 1 in Earth Magic
  5449 | D:7      | Noticed Pikel
  5473 | D:7      | Killed Pikel
  5474 | D:7      | Reached skill level 8 in Dodging
  5616 | D:7      | Noticed a troll
  5622 | D:7      | Noticed a two-headed ogre
  5696 | D:6      | Killed a troll
  5847 | D:7      | Found a sacrificial altar of Ru.
  5913 | D:7      | Found Janwuoty's Distillery.
  5922 | D:7      | Bought a potion of heal wounds for 80 gold pieces
  6245 | D:7      | Killed a two-headed ogre
  6246 | D:7      | Reached skill level 9 in Dodging
  6246 | D:7      | Reached XP level 10. HP: 51/51 MP: 6/14
  6362 | D:7      | Found a bloodstained altar of Trog.
  6556 | D:8      | Noticed Maggie
  6607 | D:7      | Killed Maggie
  6608 | D:7      | Reached skill level 5 in Transmutations
  6796 | D:8      | Reached * piety under Dithmenos
  7035 | D:8      | Found a shimmering blue altar of Sif Muna.
  7145 | D:8      | Reached skill level 10 in Slings
  7149 | D:8      | Reached skill level 10 in Dodging
  7158 | D:8      | Reached skill level 5 in Fighting
  7273 | D:8      | Found Myetot's Weapon Boutique.
  7339 | D:8      | Found a snail-covered altar of Cheibriados.
  7548 | D:8      | Identified the +7 quarterstaff of Foxalank {drain, rC-
                  | Dex+5}
  7737 | D:9      | Found a staircase to the Lair.
  7951 | D:9      | Found a radiant altar of Vehumet.
  8037 | D:9      | Reached skill level 1 in Evocations
  8118 | D:9      | Found a sparkling altar of Nemelex Xobeh.
  8132 | D:9      | Found a basalt altar of Yredelemnul.
  8421 | D:9      | Reached ** piety under Dithmenos
  8499 | D:9      | Found a glowing golden altar of the Shining One.
  8501 | D:9      | Found a hazy altar of Hepliaklqana.
  8501 | D:9      | Found a sparkling altar of Nemelex Xobeh.
  8503 | D:9      | Found a shimmering altar of Xom.
  8503 | D:9      | Found an ornate altar of the Wu Jian Council.
  8503 | D:9      | Found a blossoming altar of Fedhas.
  8673 | D:9      | Reached XP level 11. HP: 56/56 MP: 16/16
  8730 | D:9      | Found an ancient bone altar of Kikubaaqudgha.
  8850 | D:8      | Reached skill level 11 in Dodging
  8935 | D:9      | Found a sparkling altar of Nemelex Xobeh.
  8948 | D:9      | Found a basalt altar of Yredelemnul.
  9028 | D:9      | Killed from afar by a meliai

Illustrated notes

Levels and vault maps discovered:
D:1:      roderic_crossed_star, layout_basic,
          chequers_ecumenical_altar_simple_redux, serial_shops,
          nicolae_shop_crystal
D:2:      layout_basic, serial_bayou_pond_e, kennysheep_potato, uniq_jessica
D:3:      layout_basic, nicolae_hepliaklqana_hazy_memory, ebering_ghost_sewer_d
D:4:      layout_gridville, mainiacjoe_overflow_alcove_4,
          mainiacjoe_overflow_24_doors, uniq_eustachio
D:5:      layout_cave_pools, grunt_dithmenos_smoke, minmay_strange_pillars,
          sword_in_stone, uniq_grinder, uniq_menkaure
D:6:      layout_basic, mainiacjoe_overflow_paths, minmay_temple_entry_offerings
D:7:      layout_rooms, nicolae_ru_great_annihilating_truth,
          lightli_temple_of_fire, serial_shops, shop, minmay_manual_maat,
          uniq_pikel
D:8:      layout_loops_cross, kennysheep_slug_shrine,
          mainiacjoe_overflow_tiny_flanked, serial_shops, shop, uniq_maggie
D:9:      layout_gridville, yredelemnul_altar_generic,
          nemelex_spade_bored_becter, lemuel_mausoleum_altar_kikubaaqudgha,
          nicolae_vehumet_radiance, doesnt_xom_only_xom, david_lair_shrubbed,
          grunt_tough_drop

Skill      XL: |  1  2  3  4  5  6  7  8  9 10 11 |
---------------+----------------------------------+-----
Slings         | 5 6 8 9 10 | 10.9
Dodging        | 3 4 5 7 9 10 11 | 11.0
Stealth        | 2 3 4 |  4.0
Spellcasting   | 1 2 3 |  3.0
Fighting       | 2 3 4 5 |  5.9
Translocations | 1 2 3 4 6 7 8 |  8.0
Hexes          | 1 2 3 4 5 7 |  7.0
Transmutations | 4 5 |  5.0
Earth Magic    | 3 |  3.0
Evocations     | 2 3 |  3.1

Action                   |  1- 3 |  4- 6 |  7- 9 | 10-12 || total
-------------------------+-------+-------+-------+-------++-------
Melee: Whip              |       |    24 |   123 |   253 ||   400
       Punch             |       |       |       |     3 ||     3
 Fire: Hunting sling     |    96 |   100 |   218 |    93 ||   507
Throw: Dart              |       |    11 |    34 |    22 ||    67
 Cast: Portal Projectile |       |       |    13 |     5 ||    18
  Use: Scroll            |       |       |    20 |     3 ||    23
       Potion            |       |       |     1 |       ||     1
 Stab: Sleeping          |       |     1 |       |     8 ||     9
       Distracted        |       |       |     1 |       ||     1
Armor: Robe              |     2 |     6 |    14 |    17 ||    39
Dodge: Dodged            |    15 |    53 |   199 |   313 ||   580

Table legend: (Time is in decaauts)
 A = Elapsed time spent in this place.
 B = Non-inter-level travel time spent in this place.
 C = Inter-level travel time spent in this place.
 D = Time resting spent in this place.
 E = Time spent auto-exploring this place.
 F = Levels seen in this place.
 G = Mean time per level.
                   A        B        C        D        E       F      G
               +--------+--------+--------+--------+--------+-----+--------+
         Total |   6499 |   6301 |    198 |    183 |   3952 |   9 |  722.1 |
       Dungeon |   6499 |   6301 |    198 |    183 |   3952 |   9 |  722.1 |
               +--------+--------+--------+--------+--------+-----+--------+

Top non-repeatable levels by time:
     D:4: 1103 daAuts
     D:9: 922 daAuts
     D:7: 826 daAuts
     D:8: 782 daAuts
     D:6: 670 daAuts
     D:5: 589 daAuts
     D:1: 547 daAuts
     D:2: 531 daAuts
     D:3: 526 daAuts
